 Dungeon Crawl Stone Soup version 0.31.0-32-g396128a36d (webtiles) character file.

Game seed: 836628094781758423

117 PaiMei the Grave Robber (level 4, -5/33 HPs)
             Began as a Demonspawn Necromancer on Mar 25, 2024.
             Slain by a sleepcap (8 damage)
             ... on level 3 of the Dungeon.
             The game lasted 00:03:09 (2701 turns).

PaiMei the Grave Robber (Demonspawn Necromancer)    Turns: 2701, Time: 00:03:10

Health: -5/33      AC:  3    Str:  9    XL:     4   Next: 71%
Magic:  0/8        EV: 12    Int: 17    God:
Gold:   174        SH:  0    Dex: 13    Spells: 4/8 levels left

rFire   . . .        e - +0 dagger
rCold   . . .        (no shield)
rNeg    . . .        r - +0 leather armour {rPois}
rPois   +            (helmet restricted)
rElec   .            (no cloak)
rCorr   .            (no gloves)
SInv    .            (no boots)
Will    .....        (no amulet)
Stlth   ++           (no ring)
HPRegen 0.25/turn    (no ring)
MPRegen 0.11/turn

%: no passive effects
@: very slightly contaminated
A: horns 1, powered by death 1
a: no special abilities


You were on level 3 of the Dungeon.
You visited 1 branch of the dungeon, and saw 3 of its levels.

You collected 174 gold pieces.

Inventory:

Hand Weapons
 e - a +0 dagger (weapon)
Missiles
 j - 3 atropa-tipped darts (quivered)
Armour
 r - a +0 leather armour of poison resistance (worn)
Jewellery
 i - a ring of resist corrosion
 q - an amulet of guardian spirit
 t - a ring of protection from cold
 x - a ring of protection from fire
Wands
 l - a wand of flame (28)
Scrolls
 a - 3 scrolls of immolation
 d - a scroll of enchant weapon {unknown}
 f - 2 scrolls of teleportation {unknown}
 g - a scroll of vulnerability {unknown}
 h - a scroll of fear {unknown}
 o - a scroll of revelation {unknown}
 p - 2 scrolls of amnesia {unknown}
 s - a scroll of summoning {unknown}
 u - a scroll of blinking {unknown}
 v - 3 scrolls of identify {unknown}
 w - a scroll of noise {unknown}
Potions
 b - a potion of magic
 c - 3 potions of haste {unknown}
 k - a potion of invisibility {unknown}
 m - a potion of lignification {unknown}
 n - a potion of curing {unknown}


   Skills:
 + Level 1.8 Fighting
 + Level 2.7 Dodging
 - Level 2.0 Stealth
 + Level 2.7 Spellcasting
 + Level 5.1 Necromancy


You had 4 spell levels left.
You knew the following spells:

 Your Spells              Type           Power      Damage    Failure   Level
a - Necrotise             Necr           76%        1d7       3%          1
b - Vampiric Draining     Necr           19%        2d7       10%         3

Your spell library contained the following spells:

 Spells                   Type           Power      Damage    Failure   Level
 Animate Dead             Necr           19%        N/A       30%         4
 Curse of Agony           Necr           19%        N/A       65%         5


Dungeon Overview and Level Annotations

Branches:
Dungeon (3/15)

Altars:
Makhleb

Annotations:
D:3 Terence


Innate Abilities, Weirdness & Mutations

You have a pair of small horns on your head.
You regenerate a little health from kills.


Message History

The sleepcap writhes in agony.
The sleepcap barely misses you. The sleepcap releases spores at you.
Your quokka skeleton bites the sleepcap.
Casting: Necrotise (safe; 3% risk of failure)
Confirm with . or Enter, or press ? or * to list all spells.
Aiming: Necrotise (safe; 3% risk of failure)
Press: ? - help, Shift-Dir - straight line, f/p - sleepcap
Aim: a sleepcap (heavily damaged, ally target, chance to affect: 84%)
The sleepcap barely resists.
Your quokka skeleton bites the sleepcap but does no damage.
The sleepcap releases spores at you.
You are engulfed in a cloud of soporific spores!
You fall asleep.
Your quokka skeleton bites the sleepcap.
The sleepcap releases spores at you!
You wake up.
* * * LOW HITPOINT WARNING * * *
Casting: Necrotise (safe; 3% risk of failure)
Confirm with . or Enter, or press ? or * to list all spells.
Aiming: Necrotise (safe; 3% risk of failure)
Press: ? - help, Shift-Dir - straight line, f/p - sleepcap
Aim: a sleepcap (heavily damaged, ally target, chance to affect: 84%)
You miscast Necrotise.
You are very lightly contaminated with residual magic.
Nothing appears to happen.
Your quokka skeleton bites the sleepcap but does no damage.
The sleepcap releases spores at you!
* * * LOW HITPOINT WARNING * * *
You hit the sleepcap but do no damage. You headbutt the sleepcap.
The sleepcap is heavily damaged.
Your quokka skeleton bites the sleepcap but does no damage.
The sleepcap barely misses you.
Casting: Necrotise (safe; 3% risk of failure)
Confirm with . or Enter, or press ? or * to list all spells.
Aiming: Necrotise (safe; 3% risk of failure)
Press: ? - help, Shift-Dir - straight line, f/p - sleepcap
Aim: a sleepcap (heavily damaged, ally target, chance to affect: 84%)
The sleepcap barely resists.
Your quokka skeleton bites the sleepcap.
The sleepcap releases spores at you!
You die...

#.#.....#.#########
#.#.....#.###############
#.#......................
#.##....#.#.............#
#.......................#
#########...............# ###
#...............#
###..########...............#
##....'.##.ff@...............#
[.....'..#Z####..............#
##....'....####.#+########+###
###..##.###....#.# #.### ####..#
#.####.# ######.#.. ########...##
#.####.# #.........
............###......###.........
...........................##....
.........>................).#....


You could see 2 sleepcaps and a friendly quokka skeleton.

Vanquished Creatures
  6 adders
  A dart slug (D:3)
  An orc (D:3)
  6 bats
  3 endoplasms
  2 giant cockroaches
  2 goblins (D:2)
  8 hobgoblins
  3 quokkas
  3 ball pythons
  6 frilled lizards
  4 kobolds (D:1)
  5 rats
50 creatures vanquished.

Vanquished Creatures (collateral kills)
  A ribbon worm (D:2)
  2 ball pythons
  A giant cockroach (D:1)
  2 goblins (D:1)
6 creatures vanquished.

Grand Total: 56 creatures vanquished

Notes
Turn   | Place    | Note
-------+----------+-------------------------------------------
     0 | D:1      | PaiMei the Demonspawn Necromancer began the quest for the
                  | Orb.
     0 | D:1      | Reached XP level 1. HP: 13/13 MP: 3/3
   241 | D:1      | Gained mutation: You regenerate a little health from kills.
                  | [demonic ancestry]
   241 | D:1      | Reached XP level 2. HP: 19/19 MP: 1/5
   696 | D:1      | Reached XP level 3. HP: 22/25 MP: 3/6
   700 | D:1      | Learned a level 3 spell: Vampiric Draining
   961 | D:2      | Reached skill level 1 in Fighting
  1511 | D:2      | Gained mutation: You have a pair of small horns on your
                  | head. [demonic ancestry]
  1511 | D:2      | Reached XP level 4. HP: 30/32 MP: 3/7
  1581 | D:2      | Reached skill level 5 in Necromancy
  1871 | D:2      | Found a burning altar of Makhleb.
  2029 | D:3      | Found a faded altar of an unknown god.
  2056 | D:3      | Noticed Terence
  2701 | D:3      | Slain by a sleepcap

Illustrated notes

Levels and vault maps discovered:
D:1:      eino_arrival_cavern_b, layout_rooms, st_stairs_9, nicolae_eternal_life
D:2:      layout_rooms, basic_altar
D:3:      layout_basic, hellmonk_ecumenical_altar_blasted, minivault_5,
          hellmonk_no_cap, uniq_terence

Skill      XL: |  1  2  3  4 |
---------------+-------------+-----
Stealth        | 2 |  2.0
Dodging        | 2 |  2.7
Fighting       | 1 |  1.8
Necromancy     | 5 |  5.1
Spellcasting   | |  2.7

Action                     |  1- 3 |  4- 6 || total
---------------------------+-------+-------++-------
  Melee: Unarmed           |     4 |       ||     4
         Dagger            |    16 |     4 ||    20
         Punch             |     1 |       ||     1
         Headbutt          |       |     1 ||     1
   Cast: Necrotise         |    60 |    45 ||   105
 Armour: Robe              |    21 |     6 ||    27
         Leather armour    |       |     7 ||     7
  Dodge: Dodged            |    30 |    21 ||    51
